AoeStats
← Wilson

Oasis

509904282Analyzed
4v4 RM · 4d ago on Sep 28, 2026· 59m 8s· 8 players
Game mode
Random Map
Map size
Large (8 player)
Population
200
Speed
Normal
Resources
Standard
Victory
Conquest
Starting age
Dark Age
Ending age
Imperial Age
RankedLock teamsTeams togetherTeam positionsShared explorationLock speedFull tech treeHidden civsTurbo modeCheats
Victory
Defeat
🇯🇵 Persians · Japan
1158
+13
🇹🇷 Tatars · Türkiye
1128
+14
🇧🇪 Maya · Belgium
1127
+14
🇬🇧 Teutons · United Kingdom
1033
+18
🇹🇼 Maya · Taiwan
1152
-17
🇨🇳 Goths · China
1099
-15
🇹🇼 Italians · Taiwan
1095
-15
🇹🇼 Mongols · Taiwan
1010
-12
370085982
0:28 Loom
12:09 Feudal Age
12:46 Horse Collar
18:20 Castle Age
18:28 Scale Barding Armor
26:02 Double-Bit Axe
27:36 Bow Saw
27:58 Pikeman
28:41 Squires
31:05 Scale Mail Armor
31:15 Forging
32:23 Chain Mail Armor
35:32 Imperial Age
33:39 Wheelbarrow
33:06 Heavy Plow
34:13 Anarchy
36:23 Iron Casting
36:19 Halberdier
37:02 Perfusion
37:23 Conscription
41:16 Blast Furnace
42:37 Padded Archer Armor
42:28 Fletching
44:51 Two-Man Saw
44:14 Hand Cart
43:49 Elite Skirmisher
48:24 Leather Archer Armor
48:04 Bodkin Arrow
49:12 Chemistry
50:35 Ring Archer Armor
50:05 Bracer
Scan
6:18 Loom
12:37 Feudal Age
14:52 Double-Bit Axe
19:58 Castle Age
21:20 Bow Saw
21:13 Fletching
28:00 Horse Collar
31:11 Wheelbarrow
34:23 Hand Cart
36:58 Imperial Age
35:44 Gold Mining
35:48 Stone Mining
36:32 Ballistics
35:55 Treadmill Crane
36:47 Ballistics
36:27 Bodkin Arrow
36:33 Padded Archer Armor
36:57 Guard Tower
37:04 Murder Holes
38:59 Chemistry
37:57 Murder Holes
38:12 Masonry
38:53 Thumb Ring
38:56 Bracer
39:12 Leather Archer Armor
39:33 Conscription
40:08 Pirotechnia
41:28 Ring Archer Armor
50:58 Architecture
51:04 Keep
51:56 Elite Skirmisher
Wilson
8:47 Loom
12:07 Feudal Age
15:46 Castle Age
13:53 Double-Bit Axe
16:50 Bow Saw
21:00 Horse Collar
22:38 Gold Mining
25:14 Heavy Plow
26:05 Gold Shaft Mining
26:04 Bloodlines
30:13 Imperial Age
28:16 Husbandry
28:27 Scale Barding Armor
29:14 Wheelbarrow
29:40 Forging
31:09 Chain Barding Armor
31:24 Iron Casting
31:10 Hand Cart
32:35 Ballistics
32:44 Siege Engineers
33:41 Chemistry
32:45 Elite Steppe Lancer
33:37 Stone Mining
36:02 Blast Furnace
35:52 Conscription
37:48 Chemistry
41:31 Siege Engineers
42:45 Fletching
42:55 Padded Archer Armor
45:46 Caravan
49:07 Drill
48:52 Elite Mangudai
55:36 Heavy Scorpion
58:00 Heavy Camel Rider
younguns
0:30 Loom
10:34 Feudal Age
14:07 Double-Bit Axe
15:49 Fletching
16:00 Padded Archer Armor
25:08 Castle Age
23:58 Horse Collar
26:04 Bow Saw
25:16 Crossbowman
26:02 Thumb Ring
26:50 Bodkin Arrow
28:03 Leather Archer Armor
27:59 Forging
27:49 Scale Mail Armor
28:09 Eagle Warrior
29:59 Squires
30:40 Iron Casting
31:14 Chain Mail Armor
34:04 Ballistics
35:57 Wheelbarrow
38:48 Imperial Age
39:16 Murder Holes
38:55 Arbalester
39:38 Bracer
41:35 Ring Archer Armor
44:32 Two-Man Saw
45:41 Chemistry
47:35 Blast Furnace
47:50 Heavy Plow
51:20 Caravan
54:05 Pikeman
55:18 Plate Mail Armor
56:01 Halberdier
57:51 Crop Rotation
happykids
10:05 Feudal Age
14:14 Castle Age
12:39 Double-Bit Axe
13:04 Horse Collar
15:27 Bow Saw
17:18 Gold Mining
20:01 Scale Barding Armor
20:54 Forging
23:18 Wheelbarrow
24:08 Stone Mining
24:57 Gold Shaft Mining
25:33 Loom
26:21 Heavy Plow
26:50 Hand Cart
29:55 Imperial Age
27:27 Husbandry
27:39 Bloodlines
28:17 Chain Barding Armor
28:21 Ballistics
28:12 Masonry
29:30 Iron Casting
29:37 Cavalier
30:54 Plate Barding Armor
31:58 Conscription
31:59 Fletching
33:10 Blast Furnace
33:13 Chemistry
34:00 Bodkin Arrow
33:43 Savar
35:16 Architecture
35:16 Caravan
37:23 Two-Man Saw
38:40 Hoardings
38:42 Padded Archer Armor
41:05 Citadels
41:39 Murder Holes
Koopa
5:37 Loom
11:25 Feudal Age
12:40 Double-Bit Axe
13:33 Horse Collar
13:51 Man-at-Arms
15:12 Scale Mail Armor
17:41 Fletching
21:07 Wheelbarrow
25:17 Castle Age
23:29 Gold Mining
24:00 Forging
23:52 Padded Archer Armor
24:48 Arson
25:19 Long Swordsman
25:51 Gambesons
26:45 Chain Mail Armor
25:56 Elite Skirmisher
27:22 Bodkin Arrow
27:42 Squires
31:13 Bow Saw
33:44 Iron Casting
35:23 Hand Cart
37:17 Heavy Plow
37:59 Pikeman
40:12 Stone Mining
40:10 Town Watch
43:38 Imperial Age
44:20 Two-Handed Swordsman
45:20 Leather Archer Armor
46:03 Ballistics
49:20 Plate Mail Armor
49:51 Blast Furnace
49:58 Masonry
50:57 Fortified Wall
54:18 Conscription
54:24 Ironclad
54:37 Champion
56:27 Caravan
59:26 Two-Man Saw
Yzzark
0:30 Loom
10:18 Feudal Age
13:26 Double-Bit Axe
14:38 Fletching
15:52 Padded Archer Armor
16:07 Horse Collar
24:00 Castle Age
24:46 Pikeman
25:27 Squires
25:06 Crossbowman
25:52 Thumb Ring
25:45 Bodkin Arrow
26:36 Heavy Plow
27:13 Leather Archer Armor
29:37 Ballistics
30:34 Bow Saw
36:17 Imperial Age
33:48 Treadmill Crane
34:12 Gold Mining
35:45 Stone Mining
36:46 Arbalester
38:28 Chemistry
38:03 Crop Rotation
38:47 Bracer
40:48 Wheelbarrow
41:30 Ring Archer Armor
42:39 Conscription
46:16 Masonry
47:58 Hand Cart
49:22 Elite Skirmisher
50:37 Hul'che Javelineers
55:13 Caravan
zeyrek
5:07 Loom
11:42 Feudal Age
12:16 Double-Bit Axe
13:30 Horse Collar
16:36 Castle Age
16:08 Gold Mining
18:10 Bow Saw
19:32 Wheelbarrow
22:33 Hand Cart
22:05 Town Watch
25:02 Scale Barding Armor
25:50 Forging
25:58 Bloodlines
26:04 Husbandry
27:04 Chain Barding Armor
30:07 Iron Casting
34:29 Imperial Age
33:50 Silk Armor
34:03 Treadmill Crane
34:35 Masonry
35:35 Conscription
35:50 Timurid Siegecraft
36:17 Elite Steppe Lancer
37:33 Plate Barding Armor
37:59 Blast Furnace
40:53 Chemistry
42:51 Ballistics
45:27 Fletching
45:59 Bombard Tower
45:47 Padded Archer Armor
48:08 Light Cavalry
48:45 Bodkin Arrow
49:24 Guilds
49:15 Caravan
49:07 Hussar
50:39 Bracer
50:55 Leather Archer Armor
50:04 Elite Skirmisher
52:20 Gold Mining
52:20 Stone Mining
52:24 Heavy Cavalry Archer
53:36 Ring Archer Armor
Connection lost

Rejoining the realm…

Still unreachable

The connection could not be restored.

Session expired

The server has moved on; the page needs a fresh start.